 Dungeon Crawl Stone Soup version 0.24.0-37-gcf1ca852f1 (webtiles) character file.

Game seed: 2853874112182612304, levelgen mode: deterministic

46 Elektrikar the Digger (level 3, -1/28 HPs)
             Began as a Deep Dwarf Earth Elementalist on Nov 20, 2019.
             Slain by a worm (7 damage)
             ... on level 3 of the Dungeon on Nov 21, 2019.
             The game lasted 00:14:47 (3231 turns).

Elektrikar the Digger (DDEE)                        Turns: 3231, Time: 00:14:48

Health: -1/28      AC:  2    Str: 11    XL:     3   Next: 46%
Magic:  6/6        EV: 13    Int: 16    God:
Gold:   91         SH:  0    Dex: 13    Spells: 5/6 levels left

rFire    . . .     SeeInvis .   e - +0 dagger
rCold    . . .     Gourm    .   (no shield)
rNeg     . . .     Faith    .   c - +0 robe
rPois    .         Spirit   .   (no helmet)
rElec    .         Reflect  .   (no cloak)
rCorr    .         Harm     .   (no gloves)
MR       .....                  (no boots)
Stlth    ++........             (no amulet)
HPRegen  0.00/turn              (no ring)
MPRegen  0.10/turn              (no ring)

@: non-regenerating
A: damage resistance, heal wounds, sense surroundings 1, no regeneration
a: Heal Wounds


You were on level 3 of the Dungeon.
You were not hungry.

You visited 1 branch of the dungeon, and saw 3 of its levels.

You collected 91 gold pieces.

Inventory:

Hand Weapons
 e - a +0 dagger (weapon)
Missiles
 b - 9 stones (quivered)
 g - 3 boomerangs
Armour
 c - a +0 robe (worn)
 d - a scarf of cloud immunity
 h - a +0 buckler
Scrolls
 a - a scroll of amnesia
 f - 4 scrolls of remove curse


   Skills:
 + Level 0.1 Fighting
 + Level 2.6 Dodging
 + Level 3.0 Stealth
 + Level 2.2 Spellcasting
   Level 0.8 Transmutations
 + Level 4.8 Earth Magic


You had 5 spell levels left.
You knew the following spells:

 Your Spells              Type           Power        Failure   Level  Hunger
a - Sandblast             Erth           ###...       2%          1    #......

Your spell library contained the following spells:

 Spells                   Type           Power        Failure   Level  Hunger
 Passwall                 Tmut/Erth      ##......     10%         2    ###....
 Stone Arrow              Conj/Erth      #.....       22%         3    ###....
 Petrify                  Tmut/Erth      ##......     52%         4    #####..
 Lee's Rapid Deconstruct  Erth           ###.......   58%         5    ######.


Dungeon Overview and Level Annotations

Branches:
Dungeon (3/15)

Altars:


Innate Abilities, Weirdness & Mutations

You are resistant to damage.
You can heal yourself by infusing magical energy.
You passively map a small area around you.
You do not regenerate.


Message History

There is a stone staircase leading up here.
Found an embroidered scarf and a leather armour.
Found 12 gold pieces.
A worm comes into view.
Found 13 gold pieces.
Found a ration.
You see here an embroidered scarf.
d - an embroidered scarf
i - a ration You eat the ration.
That ration really hit the spot!
You hit the worm.
The worm is lightly wounded.
The worm bites you.
* * * LOW HITPOINT WARNING * * *
You barely miss the worm.
The worm is lightly wounded.
You barely miss the worm.
The worm is lightly wounded.
The worm bites you!
You die...

######### * *
*#######.......# , ,
.........$.....####### *
..######.............####
*
........@w...............
,.##.......###.......####
#.......#####.#####
#..........##... ,, , ,
####...###.##.... ,* ,
#...# * ##...w$. #...# *
....#.. #...# ,.[..#.. *
....# ,


You could see a worm.

Vanquished Creatures
  An adder (D:2)
  A dart slug (D:1)
  2 leopard geckos
  5 goblins
  3 hobgoblins
  5 kobolds
  A ball python (D:1)
  6 bats
  6 frilled lizards
  3 rats (D:1)
33 creatures vanquished.

Notes
Turn   | Place    | Note
-------+----------+-------------------------------------------
     0 | D:1      | Elektrikar the Deep Dwarf Earth Elementalist began the
                  | quest for the Orb.
     0 | D:1      | Reached XP level 1. HP: 15/15 MP: 3/3
   215 | D:1      | Reached XP level 2. HP: 22/22 MP: 2/4
  1676 | D:2      | Reached XP level 3. HP: 25/28 MP: 2/6
  1811 | D:2      | Upgraded the game from 0.24.0-35-gdb84b6a5db to
                  | 0.24.0-37-gcf1ca852f1
  3231 | D:3      | Slain by a worm

Levels and vault maps discovered:
D:1:      matt_arrival_los_fun, layout_loops_corners
D:2:      layout_rooms, serial_bayou_ford_a
D:3:      layout_basic, uniq_terence

Skill      XL: |  1  2  3 |
---------------+----------+-----
Spellcasting   | 2 |  2.2
Stealth        | 3 |  3.0
Fighting       | |  0.1
Dodging        | |  2.6
Transmutations | |  0.8
Earth Magic    | |  4.8

Action                   || total
-------------------------++-------
Melee: Unarmed           ||    21
       Dagger            ||    74
 Cast: Sandblast         ||    26
  Use: Potion            ||     4
       Scroll            ||     5
 Stab: Sleeping          ||     2
  Eat: Chunk             ||     2
       Ration            ||     2
Armor: Robe              ||    24
Dodge: Dodged            ||    86
